[Event "Early-Titled-Tuesday-Blitz-May-28-2024"]
[Site "Chess.com"]
[Date "2024.05.28"]
[Round "11"]
[White "zverr1"]
[Black "Connectedcloud"]
[Result "1-0"]
[WhiteElo "2585"]
[BlackElo "2214"]
[TimeControl "180+1"]
[EndTime "10:05:24 PDT"]
[Termination "zverr1 won by resignation"]

1. e4 c5 2. Nf3 d6 3. Nc3 Nf6 4. e5 dxe5 5. Nxe5 e6 6. Bb5+ Nbd7 7. d4 a6 8. Bxd7+ Nxd7 9. Qf3 Nxe5 10. dxe5 Be7 11.
Bf4 O-O 12. Ne4 Bd7 13. Nd6 Bxd6 14. exd6 e5 15. Bg3 Bc6 16. Qd3 e4 17. Qd2 f5 18.
Bf4 Qf6 19. O-O-O Rad8 20. Bg5 Qe6 21. Bxd8 Qxa2 22. Qa5 Qc4 23. Be7 Ra8 24. d7 1-0

[Event "Early-Titled-Tuesday-Blitz-May-28-2024"]
[Site "Chess.com"]
[Date "2024.05.28"]
[Round "11"]
[White "Kacparov"]
[Black "CarlosjPineror"]
[Result "1/2-1/2"]
[WhiteElo "2940"]
[BlackElo "2772"]
[TimeControl "180+1"]
[EndTime "10:05:25 PDT"]
[Termination "Game drawn by repetition"]

1. e4 c5 2. Nf3 e6 3. d4 cxd4 4. Nxd4 a6 5. Bd3 Qc7 6. O-O Nf6 7. Qe2 d6 8. c4 Be7 9. Nc3 Nbd7 10. b3 b6 11. Bb2 Bb7 12. Rac1 O-O 13. Bb1 Rac8 14.
Rfd1 Qb8 15. h3 Bd8 16. Nf3 Bc7 17. Qe3 Rfd8 18. Qg5 h6 19. Qe3 Ne5 20. Nd4 Ned7 21. Nde2 Re8 22. Qd2 Rcd8 23. Re1 Nc5 24. Nd4 Qa8 25.
Qe3 Qb8 26. Rcd1 Ncd7 27. Qc1 Nc5 28. Nf3 Qa8 29. Qe3 Ncd7 30. a3 Qb8 31. b4 Rc8 32. Qe2 Red8 33. Ba2 Re8 34. Bb1 Red8 35. Ba2 Re8 36.
Bb1 1/2-1/2

[Event "Early-Titled-Tuesday-Blitz-May-28-2024"]
[Site "Chess.com"]
[Date "2024.05.28"]
[Round "11"]
[White "rookpower2004"]
[Black "DarZay"]
[Result "1-0"]
[WhiteElo "2477"]
[BlackElo "2307"]
[TimeControl "180+1"]
[EndTime "10:05:29 PDT"]
[Termination "rookpower2004 won by checkmate"]

1. e4 c5 2. Nf3 Nc6 3. d4 cxd4 4. Nxd4 Nf6 5. Nc3 d6 6. f4 e5 7. Nf3 Bg4 8. Bd3 Nd4 9. Be3 Nxf3+ 10. gxf3 Bh3 11.
Qe2 exf4 12. Bxf4 Qb6 13. O-O-O Be7 14. Bb5+ Bd7 15. Bxd7+ Nxd7 16. Nd5 Qd8 17. Nxe7 Qxe7 18. Bxd6 Qg5+ 19. f4 Qa5 20. Qc4 Nb6 21. Qb3 O-O-O 22. Rd3 Rhe8 23. Rc3+ Kd7 24. Qxf7+ Kxd6 25. Rd1+ Nd5 26.
Rxd5+ Qxd5 27. Qxd5+ Ke7 28. Rc7+ Kf6 29. Qf5# 1-0

[Event "Early-Titled-Tuesday-Blitz-May-28-2024"]
[Site "Chess.com"]
[Date "2024.05.28"]
[Round "11"]
[White "GOGIEFF"]
[Black "francyIM"]
[Result "1-0"]
[WhiteElo "3014"]
[BlackElo "2824"]
[TimeControl "180+1"]
[EndTime "10:05:40 PDT"]
[Termination "GOGIEFF won by resignation"]

1. d4 Nf6 2. c4 g6 3. Nc3 Bg7 4.
e4 d6 5. Be2 O-O 6. Bg5 c5 7. d5 h6 8. Be3 e6 9. Nf3 exd5 10.
cxd5 Bg4 11. O-O Bxf3 12. Bxf3 Nbd7 13. a4 Re8 14. Qc2 a6 15. h3 Rc8 16. a5 c4 17.
Ra4 Ne5 18. Be2 Nfd7 19. f4 Nd3 20. Bxd3 cxd3 21. Qxd3 Nc5 22. Bxc5 Rxc5 23. e5 dxe5 24. f5 e4 25. Rxe4 Rxe4 26. Qxe4 Bxc3 27. fxg6 Bf6 28.
gxf7+ Kg7 29. Qe8 1-0

[Event "Early-Titled-Tuesday-Blitz-May-28-2024"]
[Site "Chess.com"]
[Date "2024.05.28"]
[Round "11"]
[White "eightbyeightchess"]
[Black "campochess"]
[Result "0-1"]
[WhiteElo "2364"]
[BlackElo "2132"]
[TimeControl "180+1"]
[EndTime "10:06:13 PDT"]
[Termination "campochess won by resignation"]

1. e4 c5 2. Nf3 Nc6 3. d4 cxd4 4. c3 Nf6 5. e5 Nd5 6. cxd4 d6 7. exd6 e6 8. Bd3 Bxd6 9. O-O O-O 10. Nc3 Nxc3 11. bxc3 h6 12. Rb1 Rb8 13. Qe2 Qf6 14.
Qe4 Qf5 15. Qxf5 exf5 16. Rb5 Ne7 17. Re1 b6 18. Nh4 Ba6 19. Nxf5 Nxf5 0-1

[Event "Early-Titled-Tuesday-Blitz-May-28-2024"]
[Site "Chess.com"]
[Date "2024.05.28"]
[Round "11"]
[White "romulocardoso"]
[Black "FischerKasparow"]
[Result "1-0"]
[WhiteElo "2316"]
[BlackElo "2100"]
[TimeControl "180+1"]
[EndTime "10:06:19 PDT"]
[Termination "romulocardoso won on time"]

1. e4 c5 2. Nf3 d6 3. d4 Nf6 4. e5 dxe5 5. Bb5+ Nbd7 6. dxe5 Qa5+ 7. Nc3 Ne4 8. e6 fxe6 9. Ne5 Nxc3 10. Bxd7+ Kd8 11.
Nf7+ Kc7 12. Bf4+ Kb6 13. bxc3 Qxc3+ 14. Ke2 Qc4+ 15. Kf3 Qd4 16. Rb1+ Ka5 17. Qe1+ Ka6 18. Qxe6+ 1-0

[Event "Early-Titled-Tuesday-Blitz-May-28-2024"]
[Site "Chess.com"]
[Date "2024.05.28"]
[Round "11"]
[White "UK_23"]
[Black "ChessShop"]
[Result "1/2-1/2"]
[WhiteElo "2418"]
[BlackElo "2640"]
[TimeControl "180+1"]
[EndTime "10:06:20 PDT"]
[Termination "Game drawn by repetition"]

1. e4 e5 2. Nf3 d6 3. d4 exd4 4. Nxd4 Nf6 5. Nc3 Be7 6. g3 O-O 7. Bg2 Re8 8. O-O Nbd7 9. Re1 Ne5 10. h3 c6 11. a4 Bf8 12. f4 Ng6 13. Qd3 Qc7 14. Bd2 Bd7 15. Rad1 Rad8 16. Kh2 a6 17. a5 c5 18. Nf5 Bc6 19. Nd5 Nxd5 20. exd5 Bd7 21.
c4 Qc8 22. Ne3 h5 23. h4 Ne7 24. Bf3 g6 25. Bc3 Nf5 26. Nxf5 Bxf5 27. Qd2 Rxe1 28. Rxe1 Re8 29. Kg2 Qd7 30. Kf2 Bg7 31. Bxg7 Kxg7 32. Qc3+ f6 33. b3 Re7 34. Re3 Qe8 35. Bd1 Bg4 36.
Bxg4 hxg4 37. Rxe7+ Qxe7 38. Qe3 Qd7 39. Ke2 Qf5 40.
Qe7+ Kh6 41. Qf8+ Kh7 42. Qf7+ Kh6 43. Qf8+ Kh7 44. Qf7+ Kh6 45. Qf8+ 1/2-1/2

[Event "Early-Titled-Tuesday-Blitz-May-28-2024"]
[Site "Chess.com"]
[Date "2024.05.28"]
[Round "11"]
[White "Kumi29"]
[Black "Goryachkina"]
[Result "0-1"]
[WhiteElo "2568"]
[BlackElo "2688"]
[TimeControl "180+1"]
[EndTime "10:06:26 PDT"]
[Termination "Goryachkina won by resignation"]

1. d4 Nf6 2. Bg5 g6 3. Bxf6 exf6 4. c4 d5 5. cxd5 Qxd5 6. Nc3 Qd8 7. g3 Bd6 8. Bg2 O-O 9. e3 c6 10. Nge2 h5 11.
h4 Re8 12. Qd3 Nd7 13. O-O f5 14. a3 a5 15. d5 Ne5 16. Qc2 c5 17. Rfd1 Bd7 18.
Nf4 Ng4 19. a4 g5 20. Nxh5 gxh4 21. Nb5 hxg3 22. Nxd6 gxf2+ 23. Qxf2 Nxf2 24. Nxe8 Ng4 25. Nd6 Qh4 26. Nf4 Qh2+ 27. Kf1 Nxe3+ 28. Ke2 Nxd1 29. Rxd1 Qxf4 30. Nxb7 Re8+ 31. Kd3 Qd4+ 0-1

[Event "Early-Titled-Tuesday-Blitz-May-28-2024"]
[Site "Chess.com"]
[Date "2024.05.28"]
[Round "11"]
[White "gpsji27"]
[Black "Szachulec75"]
[Result "1-0"]
[WhiteElo "2302"]
[BlackElo "2178"]
[TimeControl "180+1"]
[EndTime "10:06:31 PDT"]
[Termination "gpsji27 won by resignation"]

1. d4 Nf6 2. Nf3 g6 3. c4 Bg7 4. Nc3 d6 5. Bg5 O-O 6. e3 Nbd7 7. Be2 e5 8. O-O c6 9. Qc2 Qc7 10. Rfd1 Re8 11. Rac1 a5 12. dxe5 dxe5 13. a3 Nc5 14.
Bxf6 Bxf6 15. b4 axb4 16. axb4 Ne6 17. Ne4 Be7 18. c5 Rd8 19. Bc4 Rxd1+ 20. Rxd1 Kg7 21. h3 b5 22. Bb3 h6 23. Nd6 Bxd6 24. cxd6 1-0

[Event "Early-Titled-Tuesday-Blitz-May-28-2024"]
[Site "Chess.com"]
[Date "2024.05.28"]
[Round "11"]
[White "rasmussvane"]
[Black "NiranjanNavalgund"]
[Result "1-0"]
[WhiteElo "2952"]
[BlackElo "2523"]
[TimeControl "180+1"]
[EndTime "10:06:32 PDT"]
[Termination "rasmussvane won by resignation"]

1. Nf3 Nf6 2. g3 g6 3. Bg2 d5 4. O-O Bg7 5. c4 c6 6. Qb3 O-O 7.
d4 a5 8. Rd1 a4 9. Qb4 Ne4 10. Bf4 b6 11. Bxb8 Rxb8 12. Qxa4 b5 13. cxb5 cxb5 14. Qb4 e6 15. Nc3 Re8 16. Ne5 Bf8 17. Qb3 Bd7 18. Nxe4 dxe4 19. Bxe4 b4 20. Rac1 Rb6 21. Qf3 f5 22. Nxd7 Qxd7 23. Bc6 Qe7 24.
Bxe8 Qxe8 25. d5 e5 26. Rc6 e4 27. Qb3 Rb7 28. d6+ Kh8 29. Rc7 Rb8 30. d7 Qd8 31.
Rdc1 Bd6 32. Rc8 1-0

[Event "Early-Titled-Tuesday-Blitz-May-28-2024"]
[Site "Chess.com"]
[Date "2024.05.28"]
[Round "11"]
[White "simaopdias"]
[Black "secrethawk1"]
[Result "0-1"]
[WhiteElo "2252"]
[BlackElo "2416"]
[TimeControl "180+1"]
[EndTime "10:06:32 PDT"]
[Termination "secrethawk1 won by resignation"]

1. e4 c6 2. Nf3 d5 3. Nc3 Bg4 4. d4 dxe4 5. Nxe4 Nf6 6. Nxf6+ exf6 7. Be3 Bd6 8. Be2 O-O 9. O-O Re8 10. Re1 Nd7 11. Qd2 Nf8 12. Bf4 Qc7 13. Bxd6 Qxd6 14.
h3 Bh5 15. Nh2 Bxe2 16. Rxe2 Rxe2 17. Qxe2 Qxd4 18. c3 Qd6 19. Rd1 Qc7 20. Qd3 Ne6 21.
Qe3 g6 22. Ng4 Qe7 23. Qh6 Nf8 24. Rd3 f5 25. Re3 Qd6 26. Ne5 Re8 27. f4 Qc5 28. b4 Qxe3+ 29. Kh2 Rxe5 0-1

[Event "Early-Titled-Tuesday-Blitz-May-28-2024"]
[Site "Chess.com"]
[Date "2024.05.28"]
[Round "11"]
[White "Chernov_Alexander_A"]
[Black "abelmat"]
[Result "1-0"]
[WhiteElo "2267"]
[BlackElo "2052"]
[TimeControl "180+1"]
[EndTime "10:06:32 PDT"]
[Termination "Chernov_Alexander_A won by resignation"]

1. d4 d5 2. Nf3 Nf6 3. c4 e6 4.
Nc3 Be7 5. Bg5 h6 6. Bh4 O-O 7.
e3 b6 8. cxd5 Nxd5 9. Bxe7 Qxe7 10. Nxd5 exd5 11. Qa4 Bb7 12. Rc1 c5 13. Qa3 Nd7 14. Bb5 Rfd8 15. O-O a6 16. Bxd7 Rxd7 17. dxc5 bxc5 18. Qxc5 Qf6 19. Qd4 Qd6 20. Rc5 Re8 21. Nd2 Re5 22. Rfc1 Rh5 23. Nf3 Qb6 24. Rc8+ 1-0

[Event "Early-Titled-Tuesday-Blitz-May-28-2024"]
[Site "Chess.com"]
[Date "2024.05.28"]
[Round "11"]
[White "Boundless_Strike"]
[Black "Al_Shima"]
[Result "1-0"]
[WhiteElo "2614"]
[BlackElo "2479"]
[TimeControl "180+1"]
[EndTime "10:06:46 PDT"]
[Termination "Boundless_Strike won by resignation"]

1. d4 Nf6 2. Nc3 e6 3. e4 d5 4. exd5 exd5 5. Bg5 Be7 6. Qd2 h6 7. Bf4 Bb4 8. Bd3 O-O 9. f3 c5 10. a3 Bxc3 11. bxc3 c4 12. Be2 Nc6 13. g4 Re8 14.
Kf2 Qe7 15. h3 Bd7 16. Kg2 g5 17. Bg3 Qe3 18. Qxe3 Rxe3 19. Be1 Rae8 20. Kf2 Ne7 21. Kxe3 Ng6+ 22. Kf2 Nf4 23. Bd2 Nh7 24. Bxf4 gxf4 25. h4 Re3 26. Bd1 Rxc3 27. Ne2 Re3 28. Nxf4 Rc3 29.
Nxd5 1-0

[Event "Early-Titled-Tuesday-Blitz-May-28-2024"]
[Site "Chess.com"]
[Date "2024.05.28"]
[Round "11"]
[White "frenchpin"]
[Black "Cheer_Down"]
[Result "1-0"]
[WhiteElo "2400"]
[BlackElo "2443"]
[TimeControl "180+1"]
[EndTime "10:06:50 PDT"]
[Termination "frenchpin won by checkmate"]

1. Nf3 d5 2. g3 Nf6 3. Bg2 e6 4. O-O Be7 5. c4 O-O 6. b3 d4 7. Bb2 c5 8. b4 a5 9. b5 Bd6 10. d3 e5 11. Nbd2 h6 12. a4 Ra7 13. Qc2 b6 14. e3 Re8 15. Rfe1 Rae7 16. exd4 exd4 17.
Rxe7 Rxe7 18. Re1 Bf5 19. Ne4 Nxe4 20. dxe4 Bg4 21. Bc1 Nd7 22. h3 Bh5 23. Nh4 Ne5 24. f4 d3 25. Qc3 Ng6 26. Nf5 Rd7 27. Qxg7# 1-0

[Event "Early-Titled-Tuesday-Blitz-May-28-2024"]
[Site "Chess.com"]
[Date "2024.05.28"]
[Round "11"]
[White "Masterbeaterr"]
[Black "klercaku"]
[Result "1-0"]
[WhiteElo "2468"]
[BlackElo "2294"]
[TimeControl "180+1"]
[EndTime "10:06:57 PDT"]
[Termination "Masterbeaterr won by checkmate"]

1. d4 d5 2. c4 e6 3. Nc3 Nf6 4.
Nf3 Nbd7 5. e3 dxc4 6. Bxc4 c5 7.
O-O Be7 8. b3 O-O 9. Bb2 a6 10. a4 Qc7 11. d5 exd5 12. Nxd5 Nxd5 13. Bxd5 Bf6 14. Qc2 Bxb2 15. Qxb2 Nf6 16. Bc4 Bf5 17.
a5 Rfd8 18. Rfd1 Rxd1+ 19. Rxd1 Qxa5 20. Qe5 Bc2 21. Rc1 Bg6 22. h4 Qa3 23. Ra1 Qb4 24. Qc7 Qc3 25. Rd1 b5 26. Rd8+ Ne8 27. Rxa8 h6 28. Rxe8+ Kh7 29. Bxf7 Bf5 30. Bg8+ Kh8 31. Be6+ Kh7 32. Bxf5# 1-0

[Event "Early-Titled-Tuesday-Blitz-May-28-2024"]
[Site "Chess.com"]
[Date "2024.05.28"]
[Round "11"]
[White "MITerryble"]
[Black "jens1102"]
[Result "1-0"]
[WhiteElo "3030"]
[BlackElo "2748"]
[TimeControl "180+1"]
[EndTime "10:06:58 PDT"]
[Termination "MITerryble won by resignation"]

1. d4 Nf6 2. Bg5 d5 3. e3 e6 4. Nd2 Be7 5. Ngf3 O-O 6. Bd3 c5 7. c3 Nc6 8. O-O h6 9. Bh4 a6 10. Qe2 b5 11. dxc5 g5 12. Bg3 Bxc5 13. e4 Bb7 14.
Rad1 Qe7 15. e5 Nd7 16. Nb3 Bb6 17. Nfd4 Nxd4 18. Nxd4 Nc5 19. Qh5 Kg7 20. f4 Ne4 21.
Bxe4 dxe4 22. f5 exf5 23. Rxf5 Bd5 24. Rf6 Rh8 25. Rxb6 Qc5 26. Bf2 Kh7 1-0

[Event "Early-Titled-Tuesday-Blitz-May-28-2024"]
[Site "Chess.com"]
[Date "2024.05.28"]
[Round "11"]
[White "ab-lsv"]
[Black "Ramosha"]
[Result "0-1"]
[WhiteElo "2372"]
[BlackElo "2561"]
[TimeControl "180+1"]
[EndTime "10:07:10 PDT"]
[Termination "Ramosha won by resignation"]

1. d4 Nf6 2. c4 e6 3. Nc3 Bb4 4. Qc2 O-O 5. Nf3 d5 6. cxd5 exd5 7. Bf4 c6 8. e3 Re8 9. Bd3 Nbd7 10. O-O Nf8 11. h3 Ng6 12. Bh2 Bd6 13. Rab1 Bxh2+ 14. Kxh2 Qd6+ 15. Kh1 Bd7 16. b4 Rac8 17. Rfc1 Nh5 18.
a4 Qf6 19. Bxg6 hxg6 20. Ne5 Bf5 21. e4 dxe4 22. g4 Qh4 23. gxf5 Qxh3+ 24. Kg1 gxf5 25. f3 exf3 26. Qh2 Qxh2+ 27. Kxh2 g5 28. Nxf3 g4 29.
Ne5 f6 30. Nc4 Rcd8 31. Rd1 Kg7 32. d5 cxd5 33. Rxd5 Rxd5 34. Nxd5 Re2+ 35. Kg1 f4 36.
Nd6 Kg6 37. Rd1 f3 38. Nc3 Rg2+ 39. Kf1 Ng3+ 40. Ke1 f2+ 0-1

[Event "Early-Titled-Tuesday-Blitz-May-28-2024"]
[Site "Chess.com"]
[Date "2024.05.28"]
[Round "11"]
[White "eagleclaw07"]
[Black "Stanbad1"]
[Result "0-1"]
[WhiteElo "2841"]
[BlackElo "2664"]
[TimeControl "180+1"]
[EndTime "10:07:13 PDT"]
[Termination "Stanbad1 won by resignation"]

1. d4 Nf6 2. c4 c5 3. d5 b5 4. cxb5 a6 5. bxa6 g6 6. Nc3 Bg7 7. e4 O-O 8. a7 Rxa7 9. Nf3 d6 10.
Be2 Na6 11. O-O Nc7 12. Bg5 e6 13. e5 dxe5 14. Nxe5 Ncxd5 15. Nc6 Nxc3 16. bxc3 Qxd1 17. Rfxd1 Rc7 18. Bf3 Bb7 19. Bf4 Rxc6 20. Bxc6 Bxc6 21. Be5 Nd5 22. Bxg7 Kxg7 23. c4 Nc3 24. Rd6 Rc8 25. f3 Kf6 26. Kf2 Ke7 27. Rd3 Na4 28. Rb1 Ra8 29.
Ra3 Rd8 30. Ke2 Rd4 31. Rc1 Nb2 32. Ra5 Nxc4 33. Rxc5 Bd5 34. Rc7+ Kd6 35. Rxf7 Rd2+ 36. Ke1 Rxg2 37. Rd1 Rxh2 38. a4 Ne5 39. Rf4 g5 40. Rb4 Nxf3+ 41. Kf1 h5 42. Rb6+ Ke5 43. a5 Kf4 44. Rb4+ Kg3 0-1

[Event "Early-Titled-Tuesday-Blitz-May-28-2024"]
[Site "Chess.com"]
[Date "2024.05.28"]
[Round "11"]
[White "SuperGPatzer"]
[Black "SoyuzTM4"]
[Result "0-1"]
[WhiteElo "2046"]
[BlackElo "2228"]
[TimeControl "180+1"]
[EndTime "10:07:14 PDT"]
[Termination "SoyuzTM4 won by checkmate"]

1. g4 d5 2. h3 e5 3. c4 Nc6 4.
cxd5 Qxd5 5. Nf3 Nf6 6. Nc3 Qd8 7. d3 Be7 8. Bg2 O-O 9. Be3 h6 10. g5 hxg5 11. Nxg5 Nd4 12. h4 Bf5 13. Qd2 c6 14. O-O-O b5 15. Nce4 Nd5 16. Kb1 b4 17. Rc1 Rb8 18.
Bxd4 exd4 19. Rxc6 Nc3+ 20. Ka1 Qa5 21. bxc3 dxc3 22.
Nxc3 bxc3 23. Qxc3 Bf6 24. d4 Qxc3+ 25. Rxc3 Bxd4 26. Rc1 Bxc3+ 27. Rxc3 Rb1# 0-1

[Event "Early-Titled-Tuesday-Blitz-May-28-2024"]
[Site "Chess.com"]
[Date "2024.05.28"]
[Round "11"]
[White "Narek_Ghimoyan"]
[Black "Kildepiotr"]
[Result "0-1"]
[WhiteElo "2472"]
[BlackElo "2743"]
[TimeControl "180+1"]
[EndTime "10:07:15 PDT"]
[Termination "Kildepiotr won by checkmate"]

1. e4 g6 2. d4 Bg7 3. Nc3 c6 4.
Be3 d5 5. Qd2 dxe4 6. Nxe4 Nf6 7.
Nxf6+ Bxf6 8. O-O-O Be6 9. Kb1 Nd7 10. h4 Nb6 11.
Nf3 a5 12. h5 a4 13. Bg5 Qd5 14.
Qb4 Qxa2+ 15. Kc1 Nd5 16. Qa3 Qxa3 17. bxa3 b5 18. Bxf6 exf6 19. c4 bxc4 20. Bxc4 Kd7 21. Kd2 Rab8 22. Rb1 Nf4 23. Bxe6+ fxe6 24. hxg6 hxg6 25.
Rxh8 Rxb1 26. g3 Rb2+ 27. Ke3 Nd5+ 28. Ke4 Rb3 29. Rh7+ Kd6 30. Ne5 f5# 0-1

[Event "Early-Titled-Tuesday-Blitz-May-28-2024"]
[Site "Chess.com"]
[Date "2024.05.28"]
[Round "11"]
[White "GlavkonVVS"]
[Black "Timerkhanov"]
[Result "1-0"]
[WhiteElo "2587"]
[BlackElo "2722"]
[TimeControl "180+1"]
[EndTime "10:07:17 PDT"]
[Termination "GlavkonVVS won by resignation"]

1. c4 c6 2. g3 d5 3. Bg2 Nf6 4. Nf3 g6 5. O-O Bg7 6. d3 O-O 7. Nc3 a6 8. e4 dxe4 9. dxe4 Qxd1 10. Rxd1 Bg4 11. h3 Bxf3 12. Bxf3 Nbd7 13. Be3 b5 14. Be2 b4 15. Na4 Rfd8 16. f3 Ne8 17. Kf2 Nc7 18. Rd2 Ne6 19. Rad1 Ne5 20. f4 Rxd2 21. Rxd2 a5 22.
fxe5 Bxe5 23. Bg4 Ng7 24. Bf4 Bxf4 25. gxf4 h5 26. Bf3 e5 27. f5 gxf5 28. exf5 Nxf5 29. Bxc6 Rb8 30. Rd7 Nd4 31. Bd5 Rf8 32. Nc5 Kg7 33. Ke3 Kg6 34. Ke4 f5+ 35. Kxe5 Ne2 36. Ne6 f4 37. Nxf8+ 1-0

[Event "Early-Titled-Tuesday-Blitz-May-28-2024"]
[Site "Chess.com"]
[Date "2024.05.28"]
[Round "11"]
[White "Vesper2018"]
[Black "Veleamater"]
[Result "1-0"]
[WhiteElo "2581"]
[BlackElo "2440"]
[TimeControl "180+1"]
[EndTime "10:07:23 PDT"]
[Termination "Vesper2018 won on time"]

1. e4 d6 2. d4 g6 3. Nc3 Bg7 4. Be3 Nf6 5. Qd2 a6 6. f3 b5 7.
O-O-O h5 8. e5 Nh7 9. f4 O-O 10.
Nf3 Nc6 11. d5 Na5 12. Ne4 Nc4 13. Bxc4 bxc4 14. Nd4 dxe5 15. Nc6 Qe8 16. Bc5 Bd7 17.
Nxe7+ Kh8 18. fxe5 Bxe5 19. Kb1 f5 20. Ng5 Bf6 21. Nxh7 Kxh7 22. Rhe1 Qf7 23. d6 Rfb8 24. c3 Rb5 25. Ba3 cxd6 26. Qxd6 Be8 27. Nd5 Rxd5 28.
Qxd5 Qxd5 29. Rxd5 g5 30. Rd6 Kg7 31. Ree6 Bd8 32. Rxe8 1-0

[Event "Early-Titled-Tuesday-Blitz-May-28-2024"]
[Site "Chess.com"]
[Date "2024.05.28"]
[Round "11"]
[White "DrCeltic"]
[Black "monomita"]
[Result "0-1"]
[WhiteElo "2605"]
[BlackElo "2751"]
[TimeControl "180+1"]
[EndTime "10:07:28 PDT"]
[Termination "monomita won by checkmate"]

1. e4 e6 2. d4 d5 3. Nc3 Bb4 4. e5 c5 5. Bd2 Ne7 6. Nb5 Bxd2+ 7.
Qxd2 O-O 8. dxc5 Nd7 9. Qc3 Nc6 10. Nf3 b6 11. cxb6 Qxb6 12. Bd3 Nc5 13. Qd2 Nxd3+ 14.
Qxd3 Nb4 15. Qe2 Nxc2+ 16. Qxc2 Qxb5 17. Qe2 Qb4+ 18. Qd2 Qe4+ 19. Qe2 Qa4 20. b3 Qa3 21. h4 Ba6 22. Qd2 Rab8 23. Rd1 f6 24. Rh3 Rb4 25. Nd4 fxe5 26. Nxe6 Re4+ 27. Re3 Rxh4 28. Qxd5 Rh1+ 29. Kd2 Qb2# 0-1

[Event "Early-Titled-Tuesday-Blitz-May-28-2024"]
[Site "Chess.com"]
[Date "2024.05.28"]
[Round "11"]
[White "maracayo"]
[Black "Let_it_be_1"]
[Result "1-0"]
[WhiteElo "2412"]
[BlackElo "2572"]
[TimeControl "180+1"]
[EndTime "10:07:33 PDT"]
[Termination "maracayo won by resignation"]

1. e4 e6 2. Nf3 d5 3. d3 Nf6 4. Nbd2 Nc6 5. Be2 e5 6. O-O g6 7. h3 Bg7 8. c3 a5 9. Re1 O-O 10.
Bf1 Re8 11. Qc2 b6 12. b3 Ba6 13. exd5 Nxd5 14. Bb2 Nf4 15. Nc4 b5 16. Ncd2 b4 17.
c4 f5 18. g3 Ne6 19. Bg2 Rb8 20. Rad1 Bb7 21. h4 h6 22. Nf1 Kh7 23. h5 g5 24.
d4 e4 25. d5 exf3 26. dxc6 Nd4 27. Bxd4 Rxe1 28. Qxf5+ Kg8 29. Rxe1 fxg2 30. Qe6+ Kh7 31. Qg6+ 1-0

[Event "Early-Titled-Tuesday-Blitz-May-28-2024"]
[Site "Chess.com"]
[Date "2024.05.28"]
[Round "11"]
[White "vishwa_vijeta"]
[Black "ploxoi"]
[Result "1-0"]
[WhiteElo "2645"]
[BlackElo "2413"]
[TimeControl "180+1"]
[EndTime "10:07:34 PDT"]
[Termination "vishwa_vijeta won by resignation"]

1. e4 c5 2. Nc3 e6 3. Nf3 Nc6 4. d4 cxd4 5. Nxd4 Qc7 6. Be3 a6 7. g3 Nf6 8. Bg2 Nxd4 9. Bxd4 d6 10. O-O Be7 11. Re1 e5 12. Be3 Be6 13. Qd2 O-O 14.
f4 exf4 15. gxf4 Ng4 16. Bd4 Bh4 17. f5 Bxe1 18. Rxe1 Bc4 19. Qg5 Ne5 20. f6 Ng6 21.
h4 h6 22. Qg3 h5 23. Bf3 Rfe8 24. Bxh5 Rac8 25. Bg4 Be6 26. h5 Ne5 27. Bxe6 1-0

[Event "Early-Titled-Tuesday-Blitz-May-28-2024"]
[Site "Chess.com"]
[Date "2024.05.28"]
[Round "11"]
[White "DanielNaroditsky"]
[Black "baki83"]
[Result "1-0"]
[WhiteElo "3075"]
[BlackElo "2926"]
[TimeControl "180+1"]
[EndTime "10:07:37 PDT"]
[Termination "DanielNaroditsky won by resignation"]

1. e4 c5 2. c3 e5 3. Nf3 Nc6 4. Bc4 Nf6 5. Ng5 d5 6. exd5 Nxd5 7.
Qf3 Qxg5 8. Bxd5 Nd8 9. O-O Qf5 10. Re1 Qxf3 11. Rxe5+ Be6 12. Bxf3 Bd6 13. Re1 Kd7 14. d4 cxd4 15. cxd4 Bf5 16. Nc3 Rc8 17. d5 Re8 18.
Rxe8 Kxe8 19. Be3 Bc5 20. Bxc5 Rxc5 21. Kf1 Kd7 22. Ke2 Kd6 23. Ke3 Bg6 24. a4 a6 25.
Kd4 b6 26. Ra3 Nb7 27. Rb3 Kc7 28. d6+ Nxd6 29. Nd5+ Kd8 30. Rxb6 Rc4+ 31. Ke3 Nf5+ 32. Kd2 Rd4+ 33. Kc3 Rh4 34. Rxa6 Nd4 35. g3 1-0

[Event "Early-Titled-Tuesday-Blitz-May-28-2024"]
[Site "Chess.com"]
[Date "2024.05.28"]
[Round "11"]
[White "HouseOfDurin"]
[Black "JoliyRoger"]
[Result "1-0"]
[WhiteElo "2300"]
[BlackElo "2443"]
[TimeControl "180+1"]
[EndTime "10:07:38 PDT"]
[Termination "HouseOfDurin won on time"]

1. d4 d5 2. Bg5 c5 3. c3 cxd4 4.
cxd4 Nc6 5. e3 Qb6 6. Qc2 Bf5 7. Qxf5 Qxb2 8. Qxd5 Qxa1 9. Qb3 e6 10. Bd3 Be7 11.
Bxe7 Ngxe7 12. Ne2 O-O 13. O-O a5 14. Nbc3 a4 15.
Qc2 Nb4 16. Rxa1 Nxc2 17. Bxc2 Rfc8 18. Be4 Rc7 19. Rb1 f5 20. Bf3 Rac8 21. g3 Rxc3 22. Nxc3 Rxc3 23. Rxb7 Rc2 24. Rxe7 1-0

[Event "Early-Titled-Tuesday-Blitz-May-28-2024"]
[Site "Chess.com"]
[Date "2024.05.28"]
[Round "11"]
[White "KatakuriDono"]
[Black "emeli_chess"]
[Result "1/2-1/2"]
[WhiteElo "2276"]
[BlackElo "2418"]
[TimeControl "180+1"]
[EndTime "10:07:41 PDT"]
[Termination "Game drawn by repetition"]

1. d4 Nf6 2. Nf3 d5 3. g3 Bg4 4. Bg2 Nbd7 5. O-O e6 6. c4 c6 7.
Nc3 Bd6 8. cxd5 exd5 9. Qb3 Qb6 10. Bf4 Bxf4 11. gxf4 Bxf3 12. Bxf3 O-O 13. Qc2 Rfe8 14. e3 Re7 15. Kh1 Rae8 16. Rg1 Ne4 17. Rg2 f5 18. Rag1 Ndf6 19. Ne2 g6 20. Ng3 Kh8 21. h4 h5 22.
Nxe4 dxe4 23. Rxg6 Ng4 24. Bxg4 hxg4 25. Kg2 Qb5 26. Qc3 Qe2 27. d5+ Kh7 28. Qf6 Qf3+ 29. Kf1 Qd1+ 30. Kg2 Qf3+ 31. Kf1 Qd1+ 32. Kg2 Qf3+ 1/2-1/2

[Event "Early-Titled-Tuesday-Blitz-May-28-2024"]
[Site "Chess.com"]
[Date "2024.05.28"]
[Round "11"]
[White "Jospem"]
[Black "Adar_07"]
[Result "1-0"]
[WhiteElo "3015"]
[BlackElo "2772"]
[TimeControl "180+1"]
[EndTime "10:07:43 PDT"]
[Termination "Jospem won by resignation"]

1. e4 e5 2. Nf3 Nc6 3. Nc3 Nf6 4. g3 Bb4 5. d3 d5 6. exd5 Nxd5 7. Bd2 Bg4 8. Bg2 O-O 9. h3 Bh5 10. g4 Bg6 11. O-O Bxc3 12. bxc3 e4 13. Ne1 Re8 14. c4 e3 15. fxe3 Nxe3 16. Bxe3 Rxe3 17. Qd2 Qd4 18.
Qf2 Qxa1 19. Qxe3 Qxa2 20. h4 f6 21. h5 Bf7 22. h6 Re8 23. Qg3 Qa5 24. hxg7 Kxg7 25.
Bxc6 Qc5+ 26. Qf2 Qxc6 27. Ng2 Bg6 28. Nf4 Re5 29. Qd4 Rg5 30. Nd5 Qe6 31. Nxf6 Qe5 32.
Qd7+ Bf7 33. Ne4 Rxg4+ 34. Qxg4+ 1-0

[Event "Early-Titled-Tuesday-Blitz-May-28-2024"]
[Site "Chess.com"]
[Date "2024.05.28"]
[Round "11"]
[White "atbenina64"]
[Black "Thjop"]
[Result "1-0"]
[WhiteElo "2797"]
[BlackElo "2639"]
[TimeControl "180+1"]
[EndTime "10:07:43 PDT"]
[Termination "atbenina64 won by resignation"]

1. Nf3 Nf6 2. c4 g6 3. Nc3 Bg7 4. e4 O-O 5. d4 d6 6. Be2 e5 7.
O-O Nc6 8. d5 Ne7 9. Ne1 Nd7 10.
Nd3 f5 11. f3 f4 12. Bd2 g5 13.
a4 Nf6 14. c5 Ng6 15. a5 a6 16. b4 Rf7 17. Kh1 Bf8 18. c6 bxc6 19. dxc6 Be6 20. Nf2 h5 21. b5 axb5 22. Nxb5 Rg7 23. Rg1 Qc8 24. g4 hxg4 25. fxg4 Rh7 26. Qf1 Nh4 27. a6 d5 28. Nc3 dxe4 29. Nfxe4 Nxe4 30. Nxe4 Bd5 31.
Bc4 Qe6 32. Bxd5 Qxd5 33. Qb1 Qxc6 34. a7 Bc5 35. Rc1 Nf3 36. Qb3+ Kh8 37. Qxf3 1-0